 Dungeon Crawl Stone Soup version 0.29.1-1-gd02db6906a (webtiles) character file.

Game seed: 5296912939828861919

158 croobank the Caller (level 5, -1/31 HPs)
             Began as an Octopode Summoner on Sept 29, 2022.
             Slain by an iguana (9 damage)
             ... on level 4 of the Dungeon.
             The game lasted 00:13:43 (4192 turns).

croobank the Caller (Octopode Summoner)             Turns: 4192, Time: 00:13:43

Health: -1/31      AC:  1    Str:  7    XL:     5   Next: 40%
Magic:  7/9        EV: 14    Int: 19    God:
Gold:   165        SH:  0    Dex: 13    Spells: 4/10 levels left

rFire   . . .      SeeInvis .   (no weapon)
rCold   . . .      Faith    .   (no shield)
rNeg    + . .      Spirit   .   (helmet restricted)
rPois   +          Reflect  .   (no amulet)
rElec   .          Harm     .   j - ring of poison resistance
rCorr   .          Rampage  .   o - ring of positive energy
Will    .....                   (no ring)
Stlth   ++++......              (no ring)
HPRegen 0.10/turn               (no ring)
MPRegen 0.11/turn               (no ring)
                                (no ring)
                                (no ring)

@: no status effects
A: almost no armour, amphibious, 8 rings, camouflage 1, gelatinous body 1,
(nimble swimmer 1), tentacles
a: no special abilities


You were on level 4 of the Dungeon.
You visited 1 branch of the dungeon, and saw 4 of its levels.

You collected 165 gold pieces.

Inventory:

Jewellery
 j - a ring of poison resistance (left tentacle)
 k - a ring of ice
 n - a ring of fire
 o - a ring of positive energy (right tentacle)
Scrolls
 c - a scroll of teleportation
 e - 3 scrolls of amnesia {unknown}
 f - a scroll of magic mapping {unknown}
 g - a scroll of torment {unknown}
 i - a scroll of enchant armour {unknown}
 q - a scroll of fog {unknown}
 r - a scroll of enchant weapon {unknown}
Potions
 a - a potion of magic
 b - a potion of flight {unknown}
 d - a potion of cancellation {unknown}
 h - a potion of heal wounds {unknown}
 l - a potion of lignification {unknown}
 m - a potion of brilliance {unknown}


   Skills:
 + Level 3.1 Dodging
 + Level 4.4 Stealth
 + Level 3.0 Spellcasting
 + Level 4.7 Summonings


You had 4 spell levels left.
You knew the following spells:

 Your Spells              Type           Power      Damage    Failure   Level
a - Summon Small Mammal   Summ           80%        N/A       2%          1
b - Call Imp              Summ           20%        N/A       3%          2
c - Call Canine Familiar  Summ           20%        N/A       6%          3

Your spell library contained the following spells:

 Spells                   Type           Power      Damage    Failure   Level
 Magic Dart               Conj           8%         1d3       16%         1
 Necrotise                Necr           8%         1d4       16%         1
 Summon Guardian Golem    Hex/Summ       11%        N/A       17%         3
 Mephitic Cloud           Conj/Pois/Air  2%         N/A       41%         3
 Vampiric Draining        Necr           2%         2d6       41%         3
 Summon Lightning Spire   Summ/Air       11%        N/A       50%         4
 Agony                    Necr           2%         N/A       99%         5


Dungeon Overview and Level Annotations

Branches:
Dungeon (4/15)
 Temple: D:4-7

Altars:
Kikubaaqudgha

Annotations:
D:4 Ijyb


Innate Abilities, Weirdness & Mutations

You cannot wear most types of armour.
You are amphibious.
You can wear up to eight rings at the same time.
Your skin changes colour to match your surroundings (Stealth+).
Your rubbery body absorbs attacks. (AC +1, EV +1)
((You are camouflaged when in or above water. (Stealth+)))
You have tentacles for arms and can constrict up to eight enemies at once.


Message History

The orc dies!
The adder bites you.
You are poisoned.
The adder poisons you! The adder attacks as you move away! The adder bites you.
You feel sick.
The iguana hisses angrily.
You tentacle-slap the adder but do no damage.
You grab the adder. You squeeze the adder.
The adder is moderately wounded.
You constrict the adder.
You feel sick. The adder bites you.
The iguana hisses angrily.
You tentacle-slap the adder.
The adder is severely wounded.
You constrict the adder.
You feel sick. The adder closely misses you.
The iguana bites the adder.
The adder dies!
Your magical contamination has completely faded away.
You feel sick.
You feel sick.
You are no longer poisoned.
You barely miss the iguana. You grab the iguana. You squeeze the iguana.
The iguana is severely wounded.
You constrict the iguana, but do no damage.
The iguana barely misses you.
You tentacle-slap the iguana but do no damage.
The iguana is severely wounded.
You constrict the iguana, but do no damage.
The iguana bites you. The iguana closely misses you.
A hound comes into view.
You tentacle-slap the iguana but do no damage.
The iguana is severely wounded.
You constrict the iguana, but do no damage.
Your crimson imp disappears in a puff of smoke!
The iguana bites you.
* * * LOW HITPOINT WARNING * * *
You tentacle-slap the iguana but do no damage.
The iguana is severely wounded.
You constrict the iguana, but do no damage.
The iguana misses you. The iguana bites you!
You die...

#.:?.............
#.............$..
#................
#................
#................
#................
#.......h....)...
#........))......
#..@l.....((.....
#................
#...............o
#................
#................
#....######......
#....# ....
.....# ..


You could see a hound and a neutral iguana (fast, strong, insane).

Vanquished Creatures
  2 adders
  A gnoll (D:1)
  2 orcs
  8 ball pythons
  A bat zombie (D:3)
  An endoplasm (D:2)
  A giant cockroach (D:1)
  A goblin (D:1)
  A hobgoblin (D:3)
  2 quokkas (D:2)
  5 bats
  2 frilled lizards (D:3)
  A kobold (D:1)
  6 rats
34 creatures vanquished.

Vanquished Creatures (collateral kills)
  5 adders
  3 orcs
  4 endoplasms
  3 goblins
  4 hobgoblins
  2 jackals (D:2)
  A quokka (D:1)
  2 ball pythons
  2 bats (D:3)
  3 frilled lizards
  4 kobolds
  20 rats
53 creatures vanquished.

Vanquished Creatures (others)
  4 withered plants (D:2)
4 creatures vanquished.

Grand Total: 91 creatures vanquished

Notes
Turn   | Place    | Note
-------+----------+-------------------------------------------
     0 | D:1      | croobank the Octopode Summoner began the quest for the Orb.
     0 | D:1      | Reached XP level 1. HP: 11/11 MP: 3/3
   353 | D:1      | Reached XP level 2. HP: 13/17 MP: 1/5
   670 | D:1      | Reached XP level 3. HP: 6/21 MP: 3/6
   898 | D:1      | Learned a level 2 spell: Call Imp
   902 | D:1      | Learned a level 3 spell: Call Canine Familiar
  1836 | D:2      | Found a faded altar of an unknown god.
  2167 | D:2      | Reached XP level 4. HP: 27/27 MP: 4/7
  3324 | D:3      | Identified the +11 glaive "Panuhiosch" {freeze, Int+2 Dex-2
                  | Stlth+}
  3423 | D:3      | Reached XP level 5. HP: 29/31 MP: 5/9
  3796 | D:3      | Found an ancient bone altar of Kikubaaqudgha.
  4068 | D:4      | Noticed Ijyb
  4192 | D:4      | Slain by an iguana

Illustrated notes

Levels and vault maps discovered:
D:1:      dpeg_arrival_radiant, layout_loops_ring, nrook_campfire,
          minmay_close_crescents
D:2:      layout_rooms, ebering_ecumenical_altar_petrified,
          chequers_serial_rivers_micro_b, minmay_rat_hole
D:3:      layout_basic, lemuel_zombie_altar_kikubaaqudgha, hangedman_glass_teeth
D:4:      layout_basic, lightli_ossuary_entry_decrepit_ruins,
          chequers_arboretum, uniq_menkaure, uniq_grinder, uniq_ijyb

Skill      XL: |  1  2  3  4  5 |
---------------+----------------+-----
Stealth        | 3 4 |  4.4
Dodging        | 3 |  3.1
Spellcasting   | 3 |  3.0
Summonings     | |  4.7

Action                   |  1- 3 |  4- 6 || total
-------------------------+-------+-------++-------
Melee: Unarmed           |    60 |    55 ||   115
       Constrict         |    17 |    14 ||    31
       Tentacles         |    14 |    15 ||    29
Throw: Dart              |       |     4 ||     4
 Cast: Summon Small Mamm |    25 |    27 ||    52
       Call Imp          |     7 |     8 ||    15
       Call Canine Famil |     2 |     6 ||     8
  Use: Scroll            |       |     1 ||     1
 Stab: Sleeping          |     5 |     5 ||    10
Armor: Skin              |    10 |     3 ||    13
Dodge: Dodged            |    38 |    56 ||    94
